Map: [G8] Royal Blood

Players

Clem - Winner!

  • Race: Terran Terran
  • Spawn Location: 7:00

Dark

  • Race: Zerg Zerg
  • Spawn Location: 1:00

Event: Gamers8 2023

VOD

Have the link to the VOD?

Description

Time

  • Played on: Aug. 3, 2023, 8:43 a.m.
  • Length: 7:43

All games in this series

Show
View Real Time Build Order
Export as new Build Order

Clem Terran - Winner!

Build Orders: Gas First Reaper Expand, Hellion Banshee 

Get SALT Encoding   

  12  0:00  SCV  
  13  0:12  SCV  
  14  0:16  Supply Depot  
  14  0:24  SCV  
  15  0:30  Refinery  
  15  0:38  SCV  
  15  0:42  Barracks  
  16  0:50  SCV  
  17  1:02  SCV  
  18  1:14  SCV  
  19  1:29  Reaper, Orbital Command  
  20  1:40  Command Center  
  20  1:51  Factory  
  20  1:56  SCV  
  21  2:04  Supply Depot  
  21  2:08  SCV  
  22  2:09  Barracks Reactor  
  22  2:20  Refinery, SCV  
  23  2:32  SCV  
  24  2:44  Starport, SCV  
  24  2:49  Hellion x2  
  29  2:53  Orbital Command  
  29  2:56  SCV, Barracks Tech Lab  
  30  3:08  SCV  
  30  3:10  Hellion  
  33  3:13  Hellion  
  35  3:20  SCV x2  
  37  3:27  Banshee  
  37  3:28  Cloaking Field  
  37  3:32  SCV x2  
  41  3:36  Hellion  
  41  3:43  Hellion  
  41  3:44  SCV, Supply Depot  
  41  3:45  SCV  
  41  3:47  Barracks Tech Lab  
  43  3:56  SCV  
  43  3:57  SCV  
  45  4:04  Marine  
  45  4:06  Hellion x2  
  45  4:07  Supply Depot  
  45  4:08  SCV  
  51  4:10  Banshee  
  51  4:15  Stimpack  
  54  4:28  Command Center  
  54  4:29  SCV x2  
  54  4:30  Marine  
  57  4:37  Factory Reactor  
  57  4:39  Supply Depot  
  57  4:41  SCV  
  57  4:43  Barracks  
  57  4:44  SCV  
  59  4:47  Barracks  
  59  4:48  Marine  
  60  4:53  SCV  
  60  4:59  SCV  
  62  5:01  Engineering Bay x2  
  62  5:05  Starport Reactor  
  62  5:06  Marine, SCV  
  64  5:08  Refinery x2  
  64  5:11  Supply Depot  
  64  5:12  SCV  
  65  5:18  SCV  
  66  5:23  Siege Tank  
  66  5:24  Marine  
  70  5:29  Terran Infantry Armor Level 1, Terran Infantry Weapons Level 1  
  70  5:32  SCV  
  70  5:35  Marine x2  
  73  5:39  Marine x2  
  73  5:40  SCV  
  73  5:41  Supply Depot  
  73  5:42  Orbital Command  
  76  5:45  Medivac, Marine  
  76  5:46  SCV  
  76  5:49  Medivac  
  82  5:53  SCV  
  82  5:54  Marine  
  82  5:55  Marine  
  85  5:57  Supply Depot  
  85  5:59  SCV  
  85  6:01  Siege Tank  
  85  6:02  Marine  
  85  6:03  Marine  
  91  6:06  Orbital Command  
  91  6:07  Marine  
  91  6:10  SCV  
  93  6:11  Combat Shield  
  93  6:12  SCV  
  93  6:13  Marine  
  93  6:14  Marine  
  96  6:19  Marine  
  96  6:21  Supply Depot  
  96  6:22  SCV  
  96  6:23  Marine  
  96  6:24  SCV  
  100  6:32  Barracks x2, SCV  
  101  6:34  SCV  
  101  6:35  Supply Depot  
  101  6:36  Marine  
  101  6:37  SCV  
  104  6:41  Siege Tank  
  104  6:44  Supply Depot  
  104  6:45  Marine, SCV  
  104  6:46  Marine  
  110  6:48  Marine  
  110  6:51  SCV  
  110  6:52  Supply Depot  
  112  6:57  Marine x2  
  112  6:59  Medivac x2  
  112  7:01  SCV, Supply Depot  
  119  7:03  SCV  
  119  7:04  Marine  
  119  7:07  Marine  
  122  7:08  Supply Depot  
  122  7:09  Marine  
  122  7:10  SCV  
  122  7:15  Marine x2  
  122  7:19  Supply Depot  
  122  7:21  Barracks Reactor x2  
  126  7:25  Armory  
  122  7:32  Barracks  
  122  7:33  Barracks x2  
Show
View Real Time Build Order
Export as new Build Order

Dark Zerg 

Build Orders: Hatch First 

Get SALT Encoding   

  12  0:00  Drone  
  13  0:12  Overlord  
  13  0:17  Drone  
  14  0:30  Drone x2  
  16  0:48  Hatchery  
  15  0:52  Drone  
  15  0:54  Drone  
  17  0:58  Drone  
  18  1:10  Extractor  
  17  1:13  Spawning Pool  
  17  1:17  Drone  
  17  1:20  Drone  
  18  1:29  Drone  
  19  1:38  Drone  
  20  1:49  Drone  
  21  2:00  Queen  
  21  2:01  Queen  
  25  2:02  Zergling x4  
  27  2:11  Drone  
  27  2:12  Overlord  
  28  2:20  Hatchery  
  27  2:23  Drone  
  28  2:32  Drone x2  
  28  2:35  Drone  
  31  2:39  Queen  
  32  2:47  Overlord  
  32  2:48  Drone  
  33  2:54  Metabolic Boost  
  33  3:01  Overlord  
  33  3:02  Zergling x2  
  34  3:07  Queen  
  34  3:08  Drone x2  
  34  3:11  Drone  
  39  3:16  Drone x2  
  39  3:18  Overlord  
  41  3:22  Drone  
  42  3:35  Drone x3  
  42  3:42  Zergling x10  
  42  3:46  Queen  
  48  3:51  Drone x4  
  52  3:57  Spore Crawler  
  52  3:58  Drone x2  
  52  4:00  Drone  
  54  4:03  Spore Crawler  
  54  4:04  Drone  
  54  4:11  Queen  
  54  4:12  Drone  
  57  4:19  Drone x5  
  57  4:24  Spore Crawler  
  61  4:27  Queen  
  61  4:28  Drone  
  61  4:30  Drone  
  65  4:33  Overlord  
  65  4:35  Overlord  
  65  4:41  Lair  
  65  4:53  Drone x10  
  65  4:57  Zergling x6  
  78  5:03  Extractor  
  78  5:05  Extractor  
  78  5:07  Drone x3  
  79  5:08  Baneling Nest, Drone  
  79  5:12  Drone  
  80  5:15  Drone  
  80  5:21  Hatchery  
  80  5:22  Drone  
  80  5:23  Overlord  
  81  5:31  Overlord  
  81  5:32  Overlord  
  81  5:34  Overlord  
  81  5:38  Extractor  
  81  5:39  Extractor, Overseer  
  79  5:44  Drone x10  
  79  5:45  Overlord  
  79  5:48  Drone  
  79  5:49  Drone  
  89  5:58  Drone  
  89  5:59  Centrifugal Hooks  
  89  6:02  Extractor  
  89  6:03  Evolution Chamber  
  88  6:05  Evolution Chamber  
  88  6:06  Drone x3  
  90  6:18  Hatchery, Overlord  
  90  6:19  Infestation Pit  
  90  6:20  Zergling x10  
  95  6:26  Hatchery  
  95  6:29  Overlord  
  95  6:32  Drone x3  
  97  6:33  Drone  
  97  6:34  Drone  
  99  6:41  Zergling x6  
  99  6:44  Drone  
  99  6:46  Hatchery, Baneling x3  
  99  6:47  Baneling x6  
  102  6:53  Zergling x6  
  105  6:56  Zergling x6  
  108  7:02  Zergling x6  
  110  7:10  Zergling x2  
  110  7:11  Zergling x4  
  115  7:18  Zergling x2  
  115  7:19  Zergling x10  
  121  7:23  Zergling x8  
Tags
 
Add a new tag
Caveats
  • Supply blocks, unpowered buildings, or Contaminate may cause inaccurate times.
  • Supply counts are checked every 10 seconds.